GLBL
HAMILTON MOUNTIES @ CHICAGO ARCHITECTS
04/22/2049
 
TOP OF THE 1ST
Hamilton Mounties batting - Pitching for Chicago Architects : RHP Paul Clark
Pitching: RHP Paul Clark
Batting: LHB Wilson Meléndez 0-0: Called Strike
0-1: Swinging Strike
0-2: Foul Ball, location: 2F
0-2: Ball
1-2: Strikes out swinging, 2-3 out at first.
Batting: RHB Glen Dickie 0-0: Called Strike
0-1: Ball
1-1: Ball
2-1: SINGLE (Groundball, 6MD, EV 105.0 MPH)
Batting: LHB Robert Leroy 0-0: Fly out, F7 (Line Drive, 7, EV 85.6 MPH)
Batting: SHB Sterling Morin 0-0: Ground out 5-3 (Groundball, 56, EV 101.9 MPH)
Top of the 1st over - 0 runs, 1 hit, 0 errors, 1 left on base; Hamilton 0 - Chicago 0
BOTTOM OF THE 1ST
Chicago Architects batting - Pitching for Hamilton Mounties : RHP Pablo Ojeda
Pitching: RHP Pablo Ojeda
Batting: SHB Mike Anderson 0-0: Ball
1-0: Ball
2-0: Ground out 1-3 (Groundball, 13, EV 71.9 MPH)
Batting: LHB Dwayne Adams 0-0: Ball
1-0: Ball
2-0: Ball
3-0: Called Strike
3-1: Ground out 4-3 (Groundball, 4, EV 95.0 MPH)
Batting: LHB Milovan Jevtic 0-0: Ball
1-0: Ball
2-0: Ball
3-0: Called Strike
3-1: Swinging Strike
3-2: Base on Balls
Batting: LHB Joe Hunt 0-0: Called Strike
0-1: Ball
1-1: Foul Ball, location: 2F
1-2: Foul Ball, location: 3F
1-2: Ball
2-2: Foul Ball, location: 2F
2-2: Fielders Choice at 2nd, 5-4 (Groundball, 56, EV 103.8 MPH)
Bottom of the 1st over - 0 runs, 0 hits, 0 errors, 1 left on base; Hamilton 0 - Chicago 0
TOP OF THE 2ND
Hamilton Mounties batting - Pitching for Chicago Architects : RHP Paul Clark
Batting: LHB Billy Williams 0-0: Called Strike
0-1: Foul Ball, location: 2F
0-2: Fly out, F9 (Flyball, 89M, EV 67.5 MPH)
Batting: RHB Scotty Kreamer 0-0: Ball
1-0: Called Strike
1-1: Fly out, F8 (Line Drive, 8RM, EV 89.4 MPH)
Batting: RHB Jack Crousse 0-0: Called Strike
0-1: Ball
1-1: Foul Ball, location: 9LDF
1-2: Foul Ball, location: 2F
1-2: Ball
2-2: Foul Ball, location: 2F
2-2: Ground out U3 (Groundball, 34S, EV 75.6 MPH)
Top of the 2nd over - 0 runs, 0 hits, 0 errors, 0 left on base; Hamilton 0 - Chicago 0
BOTTOM OF THE 2ND
Chicago Architects batting - Pitching for Hamilton Mounties : RHP Pablo Ojeda
Batting: RHB Kent Noseworthy 0-0: Ball
1-0: Ball
2-0: Called Strike
2-1: Ball
3-1: Foul Ball, location: 2F
3-2: Foul Ball, location: 9LMF
3-2: Fly out, F2 (Popup, 3SF, EV 88.1 MPH)
Batting: RHB Ollie Lepage 0-0: Ground out 5-3 (Groundball, 56S, EV 87.5 MPH)
Batting: LHB Karl Maurice 0-0: Called Strike
0-1: Swinging Strike
0-2: Ball
1-2: Strikes out swinging
Bottom of the 2nd over - 0 runs, 0 hits, 0 errors, 0 left on base; Hamilton 0 - Chicago 0
TOP OF THE 3RD
Hamilton Mounties batting - Pitching for Chicago Architects : RHP Paul Clark
Batting: RHB Ken Andrews 0-0: Foul Ball, location: 2F
0-1: Swinging Strike
0-2: Ground out 5-3 (Groundball, 56, EV 83.1 MPH)
Batting: RHB Pablo Ojeda 0-0: Ball
1-0: Ball
2-0: Foul Ball, location: 2F
2-1: Ground out 5-3 (Groundball, 56S, EV 77.5 MPH)
Batting: LHB Wilson Meléndez 0-0: Ball
1-0: Ball
2-0: Swinging Strike
2-1: Foul Ball, location: 3FF
2-2: Ball
3-2: Foul Ball, location: 2F
3-2: Base on Balls
Batting: RHB Glen Dickie 0-0: Ball
Wilson Meléndez steals 2nd base
1-0: Ball
2-0: Called Strike
2-1: Ball
3-1: Called Strike
3-2: Ground out 6-3 (Groundball, 6, EV 86.9 MPH)
Top of the 3rd over - 0 runs, 0 hits, 0 errors, 1 left on base; Hamilton 0 - Chicago 0
BOTTOM OF THE 3RD
Chicago Architects batting - Pitching for Hamilton Mounties : RHP Pablo Ojeda
Batting: RHB Richard Alexander 0-0: Ball
1-0: Fly out, F3 (Popup, 3SF, EV 80.0 MPH)
Batting: RHB Paul Clark 0-0: Ball
1-0: Foul Ball, location: 5F
1-1: Foul Ball, location: 2F
1-2: Ball
2-2: Foul Ball, location: 2F
2-2: Ball
3-2: Strikes out swinging
Batting: SHB Mike Anderson 0-0: SINGLE (Line Drive, 34, EV 94.4 MPH)
Batting: LHB Dwayne Adams 0-0: Called Strike
0-1: SINGLE (Groundball, 6MD, EV 101.3 MPH)
Mike Anderson to second
Runner from 2nd tries for 3rd, SAFE, throw by CF made to third
Batting: LHB Milovan Jevtic 0-0: Ball
1-0: Foul Ball, location: 3SF
1-1: Called Strike
1-2: Foul Ball, location: 3DF
1-2: Foul Ball, location: 2F
1-2: Fly out, F9 (Flyball, 9, EV 81.9 MPH)
Bottom of the 3rd over - 0 runs, 2 hits, 0 errors, 2 left on base; Hamilton 0 - Chicago 0
TOP OF THE 4TH
Hamilton Mounties batting - Pitching for Chicago Architects : RHP Paul Clark
Batting: LHB Robert Leroy 0-0: Ball
1-0: Ground out 1-3 (Groundball, 13S, EV 74.4 MPH)
Batting: SHB Sterling Morin 0-0: Ball
1-0: Ground out 6-3 (Groundball, 6, EV 103.8 MPH)
Batting: LHB Billy Williams 0-0: Foul Ball, location: 2F
0-1: Called Strike
0-2: Strikes out swinging
Top of the 4th over - 0 runs, 0 hits, 0 errors, 0 left on base; Hamilton 0 - Chicago 0
BOTTOM OF THE 4TH
Chicago Architects batting - Pitching for Hamilton Mounties : RHP Pablo Ojeda
Batting: LHB Joe Hunt 0-0: Called Strike
0-1: Ground out U3 (Groundball, 3S, EV 64.4 MPH)
Batting: RHB Kent Noseworthy 0-0: Called Strike
0-1: Called Strike
0-2: Ball
1-2: Ball
2-2: Foul Ball, location: 9LDF
2-2: Foul Ball, location: 2F
2-2: Foul Ball, location: 2F
2-2: Strikes out swinging
Batting: RHB Ollie Lepage 0-0: Ball
1-0: Called Strike
1-1: Ball
2-1: Called Strike
2-2: SINGLE (Line Drive, 7S, EV 87.5 MPH)
Batting: LHB Karl Maurice 0-0: Ball
1-0: Ball
2-0: Foul Ball, location: 7LDF
2-1: Foul Ball, location: 7LSF
2-2: Ball
3-2: Ground out 4-3 (Groundball, 4D, EV 94.4 MPH)
Bottom of the 4th over - 0 runs, 1 hit, 0 errors, 1 left on base; Hamilton 0 - Chicago 0
TOP OF THE 5TH
Hamilton Mounties batting - Pitching for Chicago Architects : RHP Paul Clark
Batting: RHB Scotty Kreamer 0-0: Ball
1-0: Ball
2-0: Foul Ball, location: 7LMF
2-1: Ball
3-1: Swinging Strike
3-2: Base on Balls
Batting: RHB Jack Crousse 0-0: Swinging Strike
0-1: Ball
1-1: Grounds into double play, 4-6-3 (Groundball, 4, EV 82.5 MPH)
Batting: RHB Ken Andrews 0-0: Ball
1-0: Ball
2-0: Ball
3-0: Called Strike
3-1: Called Strike
3-2: Foul Ball, location: 9LSF
3-2: Foul Ball, location: 2F
3-2: Foul Ball, location: 2RF
3-2: Ground out 2-3 (Groundball, 2R, EV 72.5 MPH)
Top of the 5th over - 0 runs, 0 hits, 0 errors, 0 left on base; Hamilton 0 - Chicago 0
BOTTOM OF THE 5TH
Chicago Architects batting - Pitching for Hamilton Mounties : RHP Pablo Ojeda
Batting: RHB Richard Alexander 0-0: Ball
1-0: Called Strike
1-1: Called Strike
1-2: Ball
2-2: Ground out 4-3 (Groundball, 4, EV 86.9 MPH)
Batting: RHB Paul Clark 0-0: Ball
1-0: Called Strike
1-1: Foul Ball, location: 2F
1-2: Foul Ball, location: 2F
1-2: Ball
2-2: Strikes out looking
Batting: SHB Mike Anderson 0-0: Ball
1-0: Called Strike
1-1: Swinging Strike
1-2: Ball
2-2: Strikes out looking
Bottom of the 5th over - 0 runs, 0 hits, 0 errors, 0 left on base; Hamilton 0 - Chicago 0
TOP OF THE 6TH
Hamilton Mounties batting - Pitching for Chicago Architects : RHP Paul Clark
Pinch Hitting: RHB Tom Corson 0-0: Fly out, F8 (Line Drive, 78M, EV 100.0 MPH)
Batting: LHB Wilson Meléndez 0-0: Ball
1-0: Swinging Strike
1-1: Foul Ball, location: 3FF
1-2: Foul Ball, location: 9LMF
1-2: Ball
2-2: Strikes out swinging
Batting: RHB Glen Dickie 0-0: Called Strike
0-1: Ball
1-1: Ball
2-1: SINGLE (Groundball, 56D, EV 94.4 MPH)
Pitching: LHP Pat Wright
Batting: LHB Robert Leroy 0-0: Foul Ball, location: 2F
0-1: Called Strike
0-2: Strikes out looking
Top of the 6th over - 0 runs, 1 hit, 0 errors, 1 left on base; Hamilton 0 - Chicago 0
BOTTOM OF THE 6TH
Chicago Architects batting - Pitching for Hamilton Mounties : RHP Pablo Ojeda
Pitching: RHP Paul Dominey
Batting: LHB Dwayne Adams 0-0: Ball
1-0: Called Strike
1-1: Foul Ball, location: 2F
1-2: Ball
2-2: Foul Ball, location: 7LMF
2-2: DOUBLE (Line Drive, 89XD, EV 98.1 MPH)
Batting: LHB Milovan Jevtic 0-0: Ball
1-0: Called Strike
1-1: SINGLE (Line Drive, 7S, EV 90.0 MPH)
Dwayne Adams to third
Batting: LHB Joe Hunt 0-0: Fly out, F8 (Flyball, 8RD, EV 95.0 MPH)
Runner from 3rd tags up, SCORES, throw by CF
Batting: RHB Kent Noseworthy 0-0: Called Strike
0-1: Fielders Choice at 2nd, 6-4 (Groundball, 6, EV 85.0 MPH)
Batting: RHB Ollie Lepage 0-0: Ball
1-0: Foul Ball, location: 2F
1-1: Ball
2-1: Foul Ball, location: 3SF
2-2: Ball
3-2: Ground out U3 (Groundball, 3S, EV 90.0 MPH)
Bottom of the 6th over - 1 run, 2 hits, 0 errors, 1 left on base; Hamilton 0 - Chicago 1
TOP OF THE 7TH
Hamilton Mounties batting - Pitching for Chicago Architects : LHP Pat Wright
Batting: SHB Sterling Morin 0-0: Fly out, F3 (Popup, 3F, EV 75.0 MPH)
Batting: LHB Billy Williams 0-0: Called Strike
0-1: Swinging Strike
0-2: Strikes out swinging
Batting: RHB Scotty Kreamer 0-0: Ball
1-0: Called Strike
1-1: Ball
2-1: Foul Ball, location: 3DF
2-2: Ground out 6-3 (Groundball, 6, EV 109.4 MPH)
Top of the 7th over - 0 runs, 0 hits, 0 errors, 0 left on base; Hamilton 0 - Chicago 1
BOTTOM OF THE 7TH
Chicago Architects batting - Pitching for Hamilton Mounties : RHP Paul Dominey
Pitching: RHP Tony Wilbraham
Batting: LHB Karl Maurice 0-0: Ball
1-0: Ball
2-0: Called Strike
2-1: Swinging Strike
2-2: Ball
3-2: Strikes out looking
Batting: RHB Richard Alexander 0-0: Called Strike
0-1: Foul Ball, location: 9LSF
0-2: Strikes out swinging
Pinch Hitting: RHB Daniel Huffman 0-0: Called Strike
0-1: Called Strike
0-2: Strikes out swinging, 2-3 out at first.
Bottom of the 7th over - 0 runs, 0 hits, 0 errors, 0 left on base; Hamilton 0 - Chicago 1
TOP OF THE 8TH
Hamilton Mounties batting - Pitching for Chicago Architects : LHP Pat Wright
Pitching: RHP Emmett Dodman
Batting: RHB Jack Crousse 0-0: Ball
1-0: Ball
2-0: Called Strike
2-1: SINGLE (Line Drive, 34D, EV 106.3 MPH)
Pinch Hitting: LHB Addy van den Adel 0-0: Foul Ball, location: 2F
0-1: Ball
1-1: Ball
2-1: Foul Ball, location: 3FF
2-2: Foul Ball, location: 2F
2-2: Ball
3-2: Base on Balls
Jack Crousse to second
Pinch Hitting: RHB Ewan Heseltine 0-0: Ball
1-0: Foul Ball, location: 7LSF
1-1: Called Strike
1-2: Foul Ball, location: 3FF
1-2: Ball
2-2: Ball
3-2: SINGLE (Line Drive, 8RS, EV 91.3 MPH)
Jack Crousse to third
Addy van den Adel to second
Runner from 3rd tries for Home, SAFE, throw by CF to home
Addy van den Adel to third
Ewan Heseltine to second
Batting: LHB Wilson Meléndez 0-0: Foul Ball, location: 9LMFF
0-1: Ball
1-1: Ball
2-1: Ball
3-1: Swinging Strike
3-2: Strikes out swinging
Pitching: RHP Hai-feng Jiao
Batting: RHB Glen Dickie 0-0: Called Strike
0-1: Called Strike
0-2: Ball
1-2: Strikes out swinging
Batting: LHB Robert Leroy 0-0: Ball
1-0: Called Strike
1-1: Foul Ball, location: 23FF
1-2: Strikes out swinging
Top of the 8th over - 1 run, 2 hits, 0 errors, 2 left on base; Hamilton 1 - Chicago 1
BOTTOM OF THE 8TH
Chicago Architects batting - Pitching for Hamilton Mounties : RHP Tony Wilbraham
Pitching: RHP Wally Howard
Now at 3B: Ewan Heseltine
Now at SS: Jack Crousse
Batting: SHB Mike Anderson 0-0: Ball
1-0: Foul Ball, location: 5SF
1-1: Ball
2-1: Ball
3-1: Ground out 6-3 (Groundball, 6M, EV 100.6 MPH)
Batting: LHB Dwayne Adams 0-0: Ball
1-0: Ball
2-0: Ball
3-0: Base on Balls
Batting: LHB Milovan Jevtic 0-0: Called Strike
0-1: Foul Ball, location: 2RF
0-2: Ball
1-2: Ball
2-2: Ball
3-2: Fly out, F9 (Line Drive, 9S, EV 99.4 MPH)
Batting: LHB Joe Hunt 0-0: Foul Ball, location: 23F
0-1: Ball
1-1: Ball
2-1: Ball
3-1: Base on Balls
Dwayne Adams to second
Pinch Hitting: LHB Matt Graves 0-0: Fly out, F8 (Flyball, 8RD, EV 105.0 MPH)
Bottom of the 8th over - 0 runs, 0 hits, 0 errors, 2 left on base; Hamilton 1 - Chicago 1
TOP OF THE 9TH
Hamilton Mounties batting - Pitching for Chicago Architects : RHP Hai-feng Jiao
Now at 3B: Mike Anderson
Now at SS: Armando Gutiérrez
Batting: SHB Sterling Morin 0-0: Called Strike
0-1: Ball
1-1: Swinging Strike
1-2: Ball
2-2: Strikes out swinging
Batting: LHB Billy Williams 0-0: Called Strike
0-1: Foul Ball, location: 7LDF
0-2: Ground out 5-3 (Groundball, 56S, EV 81.9 MPH)
Batting: RHB Scotty Kreamer 0-0: Foul Ball, location: 9LSF
0-1: Ball
1-1: Swinging Strike
1-2: Ball
2-2: Foul Ball, location: 2RF
2-2: Strikes out swinging
Top of the 9th over - 0 runs, 0 hits, 0 errors, 0 left on base; Hamilton 1 - Chicago 1
BOTTOM OF THE 9TH
Chicago Architects batting - Pitching for Hamilton Mounties : RHP Wally Howard
Batting: RHB Ollie Lepage 0-0: Ball
1-0: Called Strike
1-1: Called Strike
1-2: Reached on error, E6 (Groundball, 6M, EV 76.9 MPH)
Batting: LHB Karl Maurice 0-0: Foul Ball, location: 5SF
0-1: Ball
1-1: Ball
Wild Pitch!
Ollie Lepage to second
2-1: Intentional Walk
Batting: RHB Richard Alexander 0-0: SINGLE (Line Drive, 8RS, EV 105.0 MPH)
Ollie Lepage to third
Karl Maurice to second
Pinch Hitting: RHB António Méndez 0-0: Called Strike
0-1: Swinging Strike
0-2: Ball
1-2: Ball
2-2: Foul Ball, location: 25F
2-2: Foul Ball, location: 25F
2-2: Ball
3-2: Foul Ball, location: 25F
3-2: DOUBLE (Line Drive, 89D, EV 107.5 MPH)
Ollie Lepage scores
Bottom of the 9th over - 1 run, 2 hits, 1 error, 2 left on base; Hamilton 1 - Chicago 2
Friday, April 26th , 2024 - OOTP Baseball 24.10 Build 82